 Dungeon Crawl Stone Soup version 0.25.0-26-g0c896c7088 (webtiles) character file.

Game seed: 1971116244699032064

1591 MisterFreud the Stinger (level 8, 0/59 HPs)
             Began as a Gnoll Venom Mage on July 4, 2020.
             Was an Initiate of Ru.
             Slain by an orc warrior
             ... wielding a +0 halberd
              (12 damage)
             ... on level 6 of the Dungeon.
             The game lasted 00:14:23 (5728 turns).

MisterFreud the Stinger (Gnoll Venom Mage)          Turns: 5728, Time: 00:14:23

Health: 0/59       AC:  9    Str: 11    XL:     8   Next: 93%
Magic:  17/17      EV: 15    Int: 20    God:    Ru [......]
Gold:   235        SH:  0    Dex: 15    Spells: 15/19 levels left

rFire    . . .     SeeInvis .   b - +0 short sword (holy)
rCold    . . .     Gourm    .   (no shield)
rNeg     . . .     Faith    .   q - +3 leather armour {rPois}
rPois    +         Spirit   .   s - +0 helmet
rElec    .         Reflect  .   v - +0 cloak
rCorr    .         Harm     .   r - +0 pair of gloves
MR       .....                  (no boots)
Stlth    +++.......             (no amulet)
HPRegen  0.19/turn              (no ring)
MPRegen  0.15/turn              (no ring)

@: lethally poisoned (0 -> -2), about to teleport
A: distributed training, fangs 1, strong nose
a: Renounce Religion


You were on level 6 of the Dungeon.
You worshipped Ru.
Ru was noncommittal.
You were not hungry.

You visited 2 branches of the dungeon, and saw 7 of its levels.
You also visited: Sewer and Ossuary.

You collected 235 gold pieces.

Inventory:

Hand Weapons
 a - a +2 dagger of venom
 b - a +0 short sword of holy wrath (weapon)
Missiles
 E - 5 boomerangs (quivered)
Armour
 l - a +2 plate armour of poison resistance
 q - a +3 leather armour of poison resistance (worn)
 r - a +0 pair of gloves (worn)
 s - a +0 helmet (worn)
 v - a +0 cloak (worn)
 y - a +0 robe
Jewellery
 t - an uncursed ring of ice
Wands
 B - a wand of polymorph (10)
Scrolls
 d - 7 scrolls of identify
 e - 2 scrolls of noise
 g - 2 scrolls of enchant armour
 h - 2 scrolls of remove curse
 i - 3 scrolls of teleportation
 n - 2 scrolls of blinking
 p - a scroll of random uselessness
 z - a scroll of fear
 C - 2 scrolls of fog {unknown}
 D - a scroll of amnesia {unknown}
Potions
 f - 9 potions of curing {unknown}
 j - 2 potions of might {unknown}
 k - a potion of haste {unknown}
 m - 2 potions of flight {unknown}
 o - 4 potions of heal wounds {unknown}
 u - a potion of degeneration {unknown}
 w - a potion of magic {unknown}
 x - a potion of brilliance {unknown}
 A - 3 potions of mutation {unknown}
Comestibles
 c - 11 rations


   Skills:
 + Level 3.6 Fighting
 + Level 3.6 Short Blades
 + Level 3.6 Long Blades
 + Level 3.6 Axes
 + Level 3.6 Maces & Flails
 + Level 3.6 Polearms
 + Level 3.6 Staves
 + Level 3.6 Slings
 + Level 3.6 Bows
 + Level 3.6 Crossbows
 + Level 3.6 Throwing
 + Level 3.6 Armour
 + Level 5.9 Dodging
 + Level 5.6 Stealth
 + Level 3.6 Shields
 + Level 3.6 Unarmed Combat
 + Level 6.2 Spellcasting
 + Level 3.0 Conjurations
 + Level 3.0 Hexes
 + Level 3.0 Charms
 + Level 3.0 Summonings
 + Level 3.0 Necromancy
 + Level 3.0 Translocations
 + Level 3.7 Transmutations
 + Level 3.0 Fire Magic
 + Level 3.0 Ice Magic
 + Level 3.0 Air Magic
 + Level 3.0 Earth Magic
 + Level 6.2 Poison Magic
 + Level 4.0 Invocations
 + Level 3.6 Evocations


You had 15 spell levels left.
You knew the following spells:

 Your Spells              Type           Power        Failure   Level  Hunger
a - Sting                 Tmut/Pois      ####         1%          1    None
b - Mephitic Cloud        Conj/Pois/Air  ###.....     8%          3    ##.....

Your spell library contained the following spells:

 Spells                   Type           Power        Failure   Level  Hunger
 Foxfire                  Conj/Fire      ###.         3%          1    None
 Poisonous Vapours        Pois/Air       ###...       3%          2    None
 Ignite Poison            Fire/Tmut/Pois ###.....     7%          3    ##.....
 Olgreb's Toxic Radiance  Pois           ####....     10%         4    ####...
 Conjure Flame            Conj/Fire      ###.....     12%         3    ##.....
 Inner Flame              Hex/Fire       ###.....     12%         3    ##.....
 Sticky Flame             Conj/Fire      ###.....     36%         4    ####...
 Fireball                 Conj/Fire      ###.......   71%         5    #####..


Dungeon Overview and Level Annotations

Branches:
Dungeon (6/15)             Temple (1/1) D:5           Sewer (visited)
Ossuary (visited)

Altars:
Ashenzari
Cheibriados
Dithmenos
Elyvilon
Fedhas
Gozag
Kikubaaqudgha
Makhleb
Nemelex Xobeh
Okawaru
Qazlal
Ru
Sif Muna
Trog
Uskayaw
Wu Jian
Xom

Shops:
D:4 :

Annotations:
D:3 grinder - the demonic crawler!, Grinder


Innate Abilities, Weirdness & Mutations

Your experience applies equally to all skills.
You have very sharp teeth.
Your uncanny sense of smell can sniff out nearby items.


Message History

You barely miss the worker ant.
The worker ant is lightly wounded.
You feel sick. The orc warrior closely misses you. The worker ant bites you.
You hit the worker ant.
You bite the worker ant, but do no damage.
The worker ant is moderately wounded.
The worker ant misses you.
The orc warrior hits you from afar with a +0 halberd.
* * * LOW HITPOINT WARNING * * *
You closely miss the worker ant. You bite the worker ant.
The worker ant is heavily wounded.
You feel sick. The worker ant bites you.
* * * LOW HITPOINT WARNING * * *
Unknown command.
Unknown command.
Unknown command.
As you read the scroll of teleportation, it crumbles to dust.
You feel strangely unstable.
The orc warrior hits you from afar with a +0 halberd!
You die...

#....# #...
########....# #...
#....o......# #...
##.######..### #o..
#..#Z...#..# #.##
#..###..#..# #Z#
#..{Z...#o.# #.#
#..###oZ#.## ###.##
#..#@a{.#.# #...o.
#..######o# #.o...
#.........# #....<
#..####..#######.....
##.........{oo.Z.....
###############.....
#..... #..... #.....


You could see an orc warrior, a worker ant and a quokka zombie.

Vanquished Creatures
  Sigmund (D:2)
  2 sky beasts
  A black bear (D:3)
  An ogre (D:4)
  A crocodile (Sewer)
  3 water moccasin zombies (Ossuary)
  2 scorpions
  A water moccasin skeleton (D:5)
  2 crimson imps (D:5)
  A quasit (D:6)
  A hound (D:4)
  3 orc wizards
  A centaur skeleton (D:4)
  2 orc priests (D:4)
  Crazy Yiuf (D:4)
  An iguana (D:4)
  Natasha (D:3)
  4 worker ants
  2 big kobold zombies (Ossuary)
  2 mummies (Ossuary)
  Robin (D:3)
  2 adders (D:3)
  A shadow imp (D:5)
  2 oozes
  4 adder zombies (Ossuary)
  A dart slug (D:1)
  A worm (D:4)
  A leopard gecko (D:2)
  13 orcs
  A ball python (D:2)
  4 bats
  3 giant cockroaches
  7 goblins
  11 hobgoblins
  5 jackals
  10 kobolds
  A quokka (D:4)
  4 frilled lizards
  5 gnoll zombies (Ossuary)
  4 hobgoblin zombies (Ossuary)
  A leopard gecko skeleton (D:4)
  6 orc zombies (Ossuary)
  8 rats
129 creatures vanquished.

Notes
Turn   | Place    | Note
-------+----------+-------------------------------------------
     0 | D:1      | MisterFreud the Gnoll Venom Mage began the quest for the
                  | Orb.
     0 | D:1      | Reached XP level 1. HP: 13/13 MP: 6/6
   176 | D:1      | Reached XP level 2. HP: 19/19 MP: 3/7
   798 | D:2      | Reached XP level 3. HP: 21/25 MP: 0/9
   970 | D:2      | Reached skill level 5 in Spellcasting
  1353 | D:2      | Noticed Sigmund
  1614 | D:2      | Reached skill level 1 in Invocations
  1720 | D:3      | Found a white marble altar of Elyvilon.
  1729 | D:3      | Reached skill level 1 in Fighting
  1729 | D:3      | Reached skill level 1 in Short Blades
  1729 | D:3      | Reached skill level 1 in Long Blades
  1729 | D:3      | Reached skill level 1 in Axes
  1729 | D:3      | Reached skill level 1 in Maces & Flails
  1729 | D:3      | Reached skill level 1 in Polearms
  1729 | D:3      | Reached skill level 1 in Staves
  1729 | D:3      | Reached skill level 1 in Slings
  1729 | D:3      | Reached skill level 1 in Bows
  1729 | D:3      | Reached skill level 1 in Crossbows
  1729 | D:3      | Reached skill level 1 in Throwing
  1729 | D:3      | Reached skill level 1 in Armour
  1729 | D:3      | Reached skill level 1 in Shields
  1729 | D:3      | Reached skill level 1 in Unarmed Combat
  1729 | D:3      | Reached skill level 1 in Evocations
  1816 | D:3      | Found an opulent altar of Gozag.
  1819 | D:3      | Noticed Robin
  1831 | D:3      | Reached XP level 4. HP: 32/32 MP: 8/11
  1927 | D:3      | Killed Robin
  2099 | D:3      | Noticed a black bear
  2109 | D:3      | Killed a black bear
  2109 | D:3      | Reached skill level 1 in Conjurations
  2109 | D:3      | Reached skill level 1 in Hexes
  2109 | D:3      | Reached skill level 1 in Charms
  2109 | D:3      | Reached skill level 1 in Summonings
  2109 | D:3      | Reached skill level 1 in Necromancy
  2109 | D:3      | Reached skill level 1 in Translocations
  2109 | D:3      | Reached skill level 1 in Fire Magic
  2109 | D:3      | Reached skill level 1 in Ice Magic
  2109 | D:3      | Reached skill level 1 in Air Magic
  2109 | D:3      | Reached skill level 1 in Earth Magic
  2109 | D:3      | Reached XP level 5. HP: 24/37 MP: 5/12
  2247 | D:3      | Found an ornate altar of the Wu Jian Council.
  2250 | D:3      | Noticed Grinder
  2444 | D:2      | Killed Sigmund
  2444 | D:2      | Reached skill level 5 in Dodging
  2444 | D:2      | Reached XP level 6. HP: 22/44 MP: 11/14
  2637 | D:3      | Noticed Grinder
  2637 | D:3      | Grinder changed into Grinder the demonic crawler
  2661 | D:3      | Noticed Natasha
  2674 | D:3      | Killed Natasha
  2802 | D:4      | Reached XP level 7. HP: 33/50 MP: 11/15
  3382 | D:4      | Learned a level 3 spell: Mephitic Cloud
  3726 | D:4      | Found Zoahi's Book Shoppe.
  3763 | D:4      | Found a runed translucent door.
  3764 | D:4      | Noticed Crazy Yiuf
  3847 | D:4      | Found a blossoming altar of Fedhas.
  3913 | D:4      | Reached skill level 5 in Stealth
  4212 | D:4      | Killed Crazy Yiuf
  4367 | D:5      | Entered Level 5 of the Dungeon
  4383 | D:5      | Reached XP level 8. HP: 57/57 MP: 11/16
  4461 | D:5      | Found a glowing drain.
  4465 | Sewer    | Entered a sewer
  4815 | D:5      | Found a burning altar of Makhleb.
  4979 | D:5      | Found a staircase to the Ecumenical Temple.
  5015 | Temple   | Entered the Ecumenical Temple
  5080 | Temple   | Became a worshipper of Ru the Awakened
  5212 | D:6      | Found a bloodstained altar of Trog.
  5214 | D:6      | Found a shadowy altar of Dithmenos.
  5326 | D:6      | Found a shimmering altar of Xom.
  5412 | D:6      | Found a sand-covered staircase.
  5419 | Ossuary  | Entered an ossuary
  5728 | D:6      | Slain by an orc warrior

Illustrated notes

Levels and vault maps discovered:
D:1:      minmay_arrival_four_houses, layout_rooms
D:2:      minmay_chambers_of_ones, layout_loops_ring, uniq_sigmund
D:3:      layout_rooms, lemuel_crystal_altar, old_standard_altar,
          grunt_gozag_statues, lemuel_another_geyser, uniq_grinder,
          uniq_natasha, uniq_robin, uniq_ijyb
D:4:      layout_loops_ring, fedhas_altar_4, first_ration, serial_shops,
          nicolae_shop_behind_doors, st_stairs_13, uniq_crazy_yiuf_cottage
D:5:      layout_rooms, lemuel_crystal_altar, minmay_temple_entry_mist,
          gup_sewer_entry_bowl, dk_rats_in_the_wall
D:6:      layout_rooms, chequers_temple_overflow_statue_of_worship,
          xom_butterflies, enter_ossuary_4, serial_undead, serial_undead_e,
          serial_undead_d, serial_undead_e, serial_undead_b,
          nemelex_lonely_heart_becter
Temple:   dpeg_three_leaves_temple

Skill      XL: |  1  2  3  4  5  6  7  8 |
---------------+-------------------------+-----
Transmutations | 2 3 |  3.7
Spellcasting   | 5 6 |  6.2
Invocations    | 1 2 3 4 |  4.0
Fighting       | 1 2 3 |  3.6
Short Blades   | 1 2 3 |  3.6
Long Blades    | 1 2 3 |  3.6
Axes           | 1 2 3 |  3.6
Maces & Flails | 1 2 3 |  3.6
Polearms       | 1 2 3 |  3.6
Staves         | 1 2 3 |  3.6
Slings         | 1 2 3 |  3.6
Bows           | 1 2 3 |  3.6
Crossbows      | 1 2 3 |  3.6
Throwing       | 1 2 3 |  3.6
Armour         | 1 2 3 |  3.6
Shields        | 1 2 3 |  3.6
Unarmed Combat | 1 2 3 |  3.6
Evocations     | 1 2 3 |  3.6
Conjurations   | 1 2 3 |  3.0
Hexes          | 1 2 3 |  3.0
Charms         | 1 2 3 |  3.0
Summonings     | 1 2 3 |  3.0
Necromancy     | 1 2 3 |  3.0
Translocations | 1 2 3 |  3.0
Fire Magic     | 1 2 3 |  3.0
Ice Magic      | 1 2 3 |  3.0
Air Magic      | 1 2 3 |  3.0
Earth Magic    | 1 2 3 |  3.0
Dodging        | 5 |  5.9
Stealth        | 5 |  5.6
Poison Magic   | 6 |  6.2

Action                   |  1- 3 |  4- 6 |  7- 9 || total
-------------------------+-------+-------+-------++-------
Melee: Short sword       |    25 |    33 |   188 ||   246
       Bite              |     2 |     2 |    31 ||    35
       Punch             |       |       |     3 ||     3
       Dagger            |       |       |    46 ||    46
 Cast: Sting             |    60 |    52 |    76 ||   188
       Mephitic Cloud    |       |       |     1 ||     1
Evoke: Wand              |       |     1 |       ||     1
  Use: Scroll            |       |       |     9 ||     9
 Stab: Sleeping          |       |       |     7 ||     7
  Eat: Chunk             |     3 |     3 |     6 ||    12
       Ration            |       |       |     1 ||     1
Armor: Robe              |     7 |     9 |     2 ||    18
       Leather armour    |       |       |    88 ||    88
Dodge: Dodged            |    47 |    52 |   212 ||   311
